 Seeded DCSS version 0.29.1-15-g9cfb28693d (webtiles) character file.

Game seed: 14588338704548331806 (custom seed)

318348 Sanktem7 the Slayer (level 20, -1/199 HPs)
             Began as a Minotaur Fighter on Mar 15, 2023.
             Was the Champion of Okawaru.
             Slain by an ironbound preserver
             ... wielding a +0 great mace
              (16 damage)
             ... on level 5 of the Vaults.
             The game lasted 01:21:07 (28434 turns).

Sanktem7 the Slayer (Minotaur Fighter)             Turns: 28434, Time: 01:21:07

Health: -1/199     AC: 46    Str: 39    XL:     20   Next: 57%
Magic:  28/28      EV: 10    Int:  5    God:    Okawaru [******]
Gold:   3392       SH: 25    Dex: 10    Spells: 19/19 levels left

rFire   + + .      SeeInvis +   j - +9 broad axe (spect) {axe}
rCold   x . .      Faith    .   O - +5 kite shield {AC+3}
rNeg    + + .      Spirit   .   w - +10 crystal plate armour "Xutorukhlokh" {rPois rF+ Str+7 Stlth-, rare=g}
rPois   +          Reflect  +   S - +1 hat of Wynariosm {rElec rC+ Will+}
rElec   +          Harm     .   C - +2 cloak {rCorr}
rCorr   +          Rampage  +   v - +2 pair of gloves
Will    ++...                   I - +2 pair of boots {rampage}
Stlth   ..........              b - amulet "Ammant" {Reflect +Blink rPois Will- Regen+ SH+5}
HPRegen 1.23/turn               p - ring of Vihuq {Fire Contam rN++ Will+}
MPRegen 0.21/turn               W - ring "Byenkus" {rPois rC- Str+4 SInv}

@: studying 2 skills
A: horns 2, retaliatory headbutt, deformed body, weak 1
}: 2/15 runes: serpentine, barnacled
a: Renounce Religion, Evoke Blink, Heroism, Finesse, Duel


You were on level 5 of the Vaults.
You worshipped Okawaru.
Okawaru was exalted by your worship.
You visited 7 branches of the dungeon, and saw 36 of its levels.
You also visited: Trove and Ice Cave.

You collected 4480 gold pieces.
You spent 1088 gold pieces at shops.


Innate Abilities, Weirdness & Mutations

You have a pair of horns on your head.
You reflexively headbutt those who attack you in melee.
Armour fits poorly on your strangely shaped body.
You are weak. (Str -2)


   Skills:
 + Level 21.7 Fighting
 - Level 18.0 Axes
 - Level 10.0 Throwing
 + Level 21.6 Armour
 + Level 7.8 Dodging
 + Level 21.6 Shields
 - Level 12.0 Invocations


You had 19 spell levels left.
You didn't know any spells.
Your spell library contained the following spells:

 Spells                   Type           Power      Damage    Failure   Level
 Apportation              Tloc           0%         N/A       98%         1
 Foxfire                  Conj/Fire      0%         2x1d4     98%         1
 Magic Dart               Conj           0%         1d3       98%         1
 Sandblast                Erth           0%         2d4       98%         1
 Ensorcelled Hibernation  Hex/Ice        0%         N/A       99%         2
 Passwall                 Tmut/Erth      0%         N/A       99%         2
 Confusing Touch          Hex            0%         N/A       100%        3
 Conjure Flame            Conj/Fire      0%         6-21      100%        3
 Inner Flame              Hex/Fire       0%         N/A       100%        3
 Mephitic Cloud           Conj/Pois/Air  0%         N/A       100%        3
 Ozocubu's Armour         Ice            0%         N/A       100%        3
 Portal Projectile        Hex/Tloc       0%         N/A       100%        3
 Spider Form              Tmut/Pois      0%         N/A       100%        3
 Stone Arrow              Conj/Erth      0%         3d7       100%        3
 Anguish                  Hex/Necr       0%         N/A       100%        4
 Cause Fear               Hex            0%         N/A       100%        4
 Corpse Rot               Necr/Pois/Air  0%         N/A       100%        4
 Dispel Undead            Necr           0%         3d6       100%        4
 Flame Wave               Conj/Fire      0%         2d4       100%        4
 Leda's Liquefaction      Hex/Erth       0%         N/A       100%        4
 Passage of Golubria      Tloc           0%         N/A       100%        4
 Alistair's Intoxication  Tmut/Pois      0%         N/A       100%        5
 Blade Hands              Tmut           0%         N/A       100%        5
 Irradiate                Conj/Tmut      0%         3d11      100%        5
 Lee's Rapid Deconstruct  Erth           0%         3d5*      100%        5
 Silence                  Hex/Air        0%         N/A       100%        5
 Yara's Violent Unravell  Hex/Tmut       0%         3d3       100%        5
 Statue Form              Tmut/Erth      0%         N/A       100%        6
 Dragon Form              Tmut           0%         N/A       100%        7
 Enfeeble                 Hex            0%         N/A       100%        7
 Ozocubu's Refrigeration  Ice            0%         4d7       100%        7
 Storm Form               Tmut/Air       0%         N/A       100%        7
 Lehudib's Crystal Spear  Conj/Erth      0%         10d2      100%        8
 Maxwell's Capacitive Co  Air            0%         ∞         100%        8
 Fire Storm               Conj/Fire      0%         5d1       100%        9
 Call Imp                 Summ           Unusable   N/A       N/A         2
 Tukima's Dance           Hex            Unusable   N/A       N/A         3
 Summon Lightning Spire   Summ/Air       Unusable   N/A       N/A         4
 Summon Forest            Summ/Tloc      Unusable   N/A       N/A         5
 Summon Mana Viper        Hex/Summ       Unusable   N/A       N/A         5
 Death Channel            Necr           Unusable   N/A       N/A         6
 Summon Cactus Giant      Summ           Unusable   N/A       N/A         6
 Dragon's Call            Summ           Unusable   N/A       N/A         9

Inventory:

Hand Weapons
 j - a +9 spectral broad axe (weapon) {axe}
   (Okawaru gifted it to you on level 10 of the Dungeon)
 Y - the +8 flail of Tyusmosa {holy, Int+4, mace}
   (You found it on level 15 of the Dungeon)

   It has been blessed by the Shining One to cause great damage to the undead
   and demons.
   Int:       It affects your intelligence (+4).
Missiles
 i - 9 curare-tipped darts {=fthrowing}
 o - 25 boomerangs {throwing}
 r - a boomerang of dispersal {=f!fthrowing}
 t - 12 silver boomerangs {throwing}
 u - 10 silver javelins {throwing}
 x - 67 poisoned darts {throwing}
 T - 6 javelins (quivered) {throwing}
Armour
 v - a +2 pair of gloves (worn)
   (You found it in an ice cave)
 w - the +10 crystal plate armour "Xutorukhlokh" (worn) {rPois rF+ Str+7 Stlth-, rare=g}
   (You acquired it on level 3 of the Dungeon)

   Str:       It affects your strength (+7).
   rF:        It protects you from fire.
   rPois:     It protects you from poison.
   Stlth:     It makes you less stealthy.
 C - a +2 cloak of preservation (worn)
   (Okawaru gifted it to you on level 4 of the Vaults)
 I - a +2 pair of boots of rampaging (worn)
   (You bought it in a shop on level 5 of the Dungeon)
 O - a +5 kite shield of protection (worn)
   (You found it on level 13 of the Dungeon)
 S - the +1 hat of Wynariosm (worn) {rElec rC+ Will+}
   (Okawaru gifted it to you on level 13 of the Dungeon)

   rC:        It protects you from cold.
   rElec:     It insulates you from electricity.
   Will:      It increases your willpower.
Jewellery
 b - the amulet "Ammant" (around neck) {Reflect +Blink rPois Will- Regen+ SH+5}
   (You acquired it on level 3 of the Dungeon)

   [amulet of reflection]

   It reflects blocked missile attacks.
   rPois:     It protects you from poison.
   +Blink:    It lets you blink.
   Regen:     It increases your rate of health regeneration.
   SH:        It affects your SH (+5).
   Will:      It decreases your willpower.
 p - the ring of Vihuq (left hand) {Fire Contam rN++ Will+}
   (You found it in a treasure trove)

   [ring of fire]

   It enhances your fire magic.
   rF:        It protects you from fire.
   rC:        It makes you vulnerable to cold.
   rN:        It greatly protects you from negative energy.
   Contam:    It causes magical contamination when unequipped.
   Will:      It increases your willpower.
 W - the ring "Byenkus" (right hand) {rPois rC- Str+4 SInv}
   (You found it on level 4 of the Shoals)

   [ring of see invisible]

   Str:       It affects your strength (+4).
   rC:        It makes you vulnerable to cold.
   rPois:     It protects you from poison.
   SInv:      It lets you see invisible.
Wands
 D - a wand of digging (10)
   (You took it off Eustachio on level 4 of the Dungeon)
 G - a wand of quicksilver (11)
   (You found it on level 2 of the Lair of Beasts)
 K - a wand of paralysis (18)
   (You found it on level 5 of the Lair of Beasts)
 N - a wand of mindburst (11)
   (You took it off an orc on level 12 of the Dungeon)
 P - a wand of iceblast (26)
   (You found it on level 9 of the Dungeon)
 U - a wand of polymorph (6)
   (You found it on level 14 of the Dungeon)
 V - a wand of flame (7)
   (You found it on level 15 of the Dungeon)
Scrolls
 a - a scroll of enchant armour
 c - 10 scrolls of identify {@r1}
 e - 3 scrolls of magic mapping {!r}
 f - 2 scrolls of immolation {!r!r}
 n - 8 scrolls of poison {!r}
 y - 8 scrolls of teleportation {@r4}
 L - a scroll of summoning
 Z - 2 scrolls of enchant weapon
Potions
 d - 13 potions of might
 g - 6 potions of flight
 h - 2 potions of ambrosia
 k - 5 potions of magic
 l - 2 potions of haste {@q3}
 m - 3 potions of invisibility
 s - 6 potions of brilliance
 A - 3 potions of attraction {!q}
 E - 3 potions of cancellation
 F - 9 potions of lignification {!q}
 M - 12 potions of curing {@q1}
 Q - 4 potions of berserk rage {!q}
 R - 4 potions of resistance
Miscellaneous
 X - a lightning rod (4/4)
   (You found it on level 4 of the Shoals)

Dungeon Overview and Level Annotations

Branches:
Dungeon (15/15) Zot: 25901  Temple (1/1) D:6 Zot: 5942    Lair (5/5) D:10 Zot: 25368
 Shoals (4/4) Lair:3 Zot: 22236   Snake (4/4) Lair:3 Zot: 20119   Slime (0/5) Lair:4
    Orc (2/2) D:9 Zot: 10759     Elf (0/3) Orc:2        Vaults (5/5) D:13 Zot: 24806
  Crypt (0/3) Vaults:3     Depths (0/4) D:15          IceCv (visited)

Altars:
Ashenzari
Cheibriados
Dithmenos
Elyvilon
Fedhas
Gozag
Hepliaklqana
Kikubaaqudgha
Makhleb
Nemelex Xobeh
Okawaru
Qazlal
Ru
Sif Muna
Trog
Uskayaw
Vehumet
Wu Jian
Xom
Yredelemnul
Zin
The Shining One
Lugonu

Shops:
D:3 *   D:5 [   D:14 *   Orc:2 (**((   Snake:3 (*[!   Vaults:1 (   Vaults:3 (
Vaults:4 *

Portals:
Abyss: Shoals:1

Annotations:
D:8 2 transporters, CeilingCat's ghost, novice MfIE
Shoals:1 1 runed translucent door

.#####. #####..# #
#. #}.D# #. #...#
#. #####..# ..
##).###.#
#.##....##.#
#........D.#
#....###
#.........p.#
#......##
##.......@Q)#
#.......#
#.##....##D#
.......# ...
##..###.# #.......
## #####.D#
#.......
#|..#....##.......
#...#....# #......
##.s#....###..Q...
$ ##)#....##...p...
..##[#....#...##.p.


You could see an ironbound preserver, a golden dragon, a quicksilver dragon and
a tengu reaver.


Message History

You take 9 damage, and now have 39/199 hp.
You barely miss the deep troll.
Your +9 spectral broad axe {axe} hits the deep troll!
You block the deep troll's attack. x2
The deep troll claws you but does no damage. 😱 HP[+1]
You carve the deep troll like a ham!!!
You kill the deep troll!
Okawaru accepts your kill.
The troll leather armour is intact enough to wear.
You slice the tengu reaver!!
The tengu reaver blocks your +9 spectral broad axe {axe}'s attack.
The tengu reaver points at you and mumbles some strange words.
The bolt of poison hits you! You resist.
* * * LOW HITPOINT WARNING * * *
😱 HP[-7]
You take 7 damage, and now have 33/199 hp.
The tengu reaver blocks your attack.
The tengu reaver blocks your +9 spectral broad axe {axe}'s attack.
The tengu reaver hits your +9 spectral broad axe {axe} with a +3 war axe!
Your spectral weapon shares its damage with you!
You block the tengu reaver's attack.
* * * LOW HITPOINT WARNING * * *
The tengu reaver pecks your +9 spectral broad axe {axe} but does no damage.
The tengu reaver closely misses your +9 spectral broad axe {axe}. 😱 HP[-3]
You take 3 damage, and now have 30/199 hp.
You slice the tengu reaver!!
The tengu reaver blocks your +9 spectral broad axe {axe}'s attack.
You are no longer corroded. 😱 HP[+1]
The tengu reaver blocks your attack.
You headbutt the tengu reaver! You hit the deep troll.
Your +9 spectral broad axe {axe} hits the deep troll!!
You block the deep troll's attack. The deep troll closely misses you.
You block the deep troll's attack.
A yaktaur captain comes into view.
It is wielding the +10 dark maul {vorpal}.
As you read the scroll of teleportation {@r4}, it crumbles to dust.
You feel strangely unstable.
The tengu reaver barely misses you. x2; You block the tengu reaver's attack. x4
The deep troll barely misses you. You block the deep troll's attack.
The deep troll closely misses you. 😱 HP[+2]
You regained 2 hp, and now have 33/199 hp.
You slice the tengu reaver!!
You headbutt the tengu reaver, but do no damage.
You closely miss the tengu reaver. You slice the deep troll!!
You block the tengu reaver's attack. The tengu reaver misses you.
The tengu reaver closely misses you. The tengu reaver casts a spell at you.
The bolt of lightning hits you! You resist.
* * * LOW HITPOINT WARNING * * *
😱 HP[-10]
You take 10 damage, and now have 23/199 hp.
You slice the tengu reaver!!
You kill the tengu reaver!
Okawaru accepts your kill.
You closely miss the tengu reaver. You slice the deep troll!!
You kill the deep troll!
Okawaru accepts your kill.
Your +9 spectral broad axe {axe} hits the tengu reaver!
The quicksilver dragon breathes dispelling energy at you.
The bolt of dispelling energy hits you but does no damage.
You feel strangely stable.
Your magical effects are unravelling. 😱 HP[+1]
The tengu reaver attacks as you move away!
You block the tengu reaver's attack.
The tengu reaver hits your +9 spectral broad axe {axe} but does no damage.
You block the tengu reaver's attack.
The tengu reaver claws you but does no damage.
The sentinel's mark upon you fades away.
Items here: ! $ ) [[ ††. 😱 HP[+2]
You regained 2 hp, and now have 26/199 hp.
As you read the scroll of teleportation {@r4}, it crumbles to dust.
You feel strangely unstable. The tengu reaver casts a spell at you.
The bolt of acid hits you!! You resist.
* * * LOW HITPOINT WARNING * * *
The acid corrodes you! 😱 HP[-19]
You take 19 damage, and now have 7/199 hp.
You feel better.
The quicksilver dragon breathes dispelling energy at you.
The bolt of dispelling energy hits you but does no damage.
You feel strangely stable.
Your magical effects are unravelling.
The tengu reaver casts a spell at you. The bolt of acid hits you! You resist.
* * * LOW HITPOINT WARNING * * *
You hear a deafening roar! 😱 HP[-4]
You take 4 damage, and now have 3/199 hp.
You feel better.
You are no longer corroded.
You block the tengu reaver's attack. x2
The tengu reaver claws you but does no damage.
The ironbound preserver hits you with a +0 great mace!
You die...

Skill      XL: |  1  2  3  4  5  6  7  8  9 10 11 12 13 14 15 16 17 18 19 20 |
---------------+-------------------------------------------------------------+-----
Axes           | 3 4 5 6 7 9 11 12 14 16 17 18 | 18.0
Armour         | 4 5 6 7 8 9 10 12 13 14 15 17 18 19 21 | 21.6
Fighting       | 4 5 6 7 8 9 10 12 13 14 15 17 18 19 21 | 21.7
Shields        | 4 5 6 7 8 9 10 12 13 14 15 17 18 19 21 | 21.6
Invocations    | 2 4 5 6 8 10 12 | 12.0
Throwing       | 3 5 8 9 10 | 10.0
Dodging        | 5 7 |  7.8

Action                   |  1- 3 |  4- 6 |  7- 9 | 10-12 | 13-15 | 16-18 | 19-21 || total
-------------------------+-------+-------+-------+-------+-------+-------+-------++-------
Melee: War axe           |    65 |   117 |   227 |   204 |       |       |       ||   613
       Headbutt          |     5 |    13 |    38 |    90 |   159 |   258 |   129 ||   692
       Broad axe         |       |       |       |   238 |   852 |   978 |   472 ||  2540
       Flail             |       |       |       |     8 |     4 |       |       ||    12
Throw: Boomerang         |       |       |       |       |    27 |    74 |     4 ||   105
       Javelin           |       |       |       |       |       |       |     3 ||     3
Invok: Heroism           |       |       |       |     1 |       |     7 |     2 ||    10
 Abil: Evoke Blink       |       |       |       |     1 |       |       |       ||     1
Evoke: Wand              |       |       |       |       |     1 |       |       ||     1
  Use: Scroll            |       |     6 |     1 |    22 |    12 |     6 |     5 ||    52
       Potion            |       |       |       |     1 |     2 |     1 |    12 ||    16
 Stab: Invisible         |       |       |       |     2 |       |       |       ||     2
       Paralysed         |       |       |       |     1 |       |       |       ||     1
       Distracted        |       |       |       |       |       |     2 |     4 ||     6
Armor: Scale mail        |    27 |    41 |       |       |       |       |       ||    68
       Crystal plate arm |       |    54 |   200 |   357 |   400 |   449 |   217 ||  1677
Dodge: Dodged            |    33 |    75 |    61 |   131 |   194 |   217 |    94 ||   805
Block: Buckler           |    15 |    49 |   126 |   219 |       |       |       ||   409
       Reflection        |       |     1 |     1 |    14 |    44 |   146 |    14 ||   220
       Kite shield       |       |       |       |    14 |   773 |  1016 |   425 ||  2228

Levels and vault maps discovered:
D:1:      spicycebolla_arrival_ecumenical, layout_loops_cross,
          minmay_tetromino_s2
D:2:      layout_basic
D:3:      layout_rooms, serial_shops, nicolae_diamond_shop, uniq_robin
D:4:      layout_cave_pods, nicolae_wu_jian_wuxing_cycle, patterned_corridor,
          uniq_eustachio
D:5:      kennysheep_big_flooded_room, layout_gridville, lemuel_round_altar,
          gammafunk_temple_overflow_wave, mainiacjoe_overflow_cross_hatched,
          serial_shops, nicolae_shop_crystal
D:6:      minmay_klotski, layout_basic, minmay_temple_entry_antechambers
D:7:      layout_rooms, nicolae_hepliaklqana_monster_ancestors,
          mainiacjoe_overflow_brackets, abandoned_shop
D:8:      layout_rooms, nicolae_ru_great_annihilating_truth,
          yredelemnul_forgotten_temple_becter, gammafunk_ghost_smash
D:9:      layout_gridville, erik_orc_1, minmay_gold_behind_fungi
D:10:     layout_irregular_city, lair_entry_dummy
D:11:     layout_cave_pools, portal_ice_cave_entry_imps
D:12:     layout_cave_pools, uniq_nergalle
D:13:     layout_loops_ring, ximxim_vaults_locker_room,
          dreamdust_looks_like_rain
D:14:     layout_roguey, serial_park_square2, nicolae_sextant, minmay_shop_mass,
          serial_park_tiny_pond, uniq_azrael
D:15:     grunt_enter_depths_snipers, layout_loops_ring
Temple:   cyrus_circular_temple
Lair:1:   statuecave_lemuel, layout_chaotic_city, serial_rivers,
          chequers_serial_rivers_small_b, chequers_serial_rivers_large_a,
          chequers_serial_rivers_small_3, chequers_serial_rivers_room_b,
          lemuel_fruit_fields
Lair:2:   layout_cave_pods
Lair:3:   layout_big_grid, elwin_shoals_entry_rooms,
          minmay_snake_entry_guardpost_small, uniq_fannar
Lair:4:   minmay_lair_venomous_thicket, layout_regular_city, slime_entry_1,
          uniq_josephine
Lair:5:   wormcave, layout_layer_cave, guppyfry_lair_end_dragon,
          infiniplex_staircase_pool
Shoals:1: layout_shoals, nicolae_shoals_abyss_on_the_beach
Shoals:2: layout_shoals, lemuel_centaur_altar
Shoals:3: layout_shoals, nicolae_shoals_flooded_hall, uniq_donald,
          uniq_bai_suzhen
Shoals:4: shoals_end_grunt_ice, layout_shoals, nicolae_shoals_lost_giant_hut
Snake:1:  layout_onion_interference, nicolae_triple_integral
Snake:2:  layout_misc_corridors, basic_altar, nicolae_snake_salamander_stairs,
          grunt_megastairs_1
Snake:3:  layout_grid_maze, serial_shops, shop, shop_fountains,
          nicolae_shop_crystal, nicolae_shop_overcharged_wands
Snake:4:  grunt_snake_rune_serpentine_throne, layout_concentric_octagons,
          uniq_aizul, uniq_saint_roka
Orc:1:    layout_diamond_mine, uniq_gastronok
Orc:2:    st_orc_mages, layout_caves, serial_shops,
          nicolae_shop_bloodbath_and_beyond
Vaults:1: vaults_room_guarded_vault, nicolae_vaults_big_ls,
          nicolae_vaults_mini_display_case, nicolae_vaults_ninety_degrees,
          nicolae_vaults_little_squares_4, vaults_mumra_minichess,
          hangedman_vaults_hat, ontoclasm_vaults_bender, vaults_room_fours,
          ontoclasm_vaults_twist, vaults_room_ringed_pool,
          layout_vaults_maze_bifur, nicolae_trove_entry_crossroad, serial_shops,
          nicolae_shop_trees
Vaults:2: v_alt_pattern_2, vaults_standard_mumra_x, vaults_room_fancy_cross,
          vaults_mumra_chevron, serial_ice_g, layout_vaults_omnigrid
Vaults:3: v_misc_32, ontoclasm_vaults_loading_screen, grunt_vaults_funnel,
          hangedman_vaults_cutoff, grunt_vaults_twisty,
          minmay_crypt_entry_necro_gods, v_misc_2, vaults_room_pool,
          nicolae_vaults_little_squares_1, vaults_dpeg_encased_lava,
          vaults_room_semicircle, vaults_dpeg_cross, vaults_mumra_chevron_long,
          layout_vaults_big_room, serial_shops, nicolae_diamond_shop
Vaults:4: ontoclasm_vaults_eye, v_misc_10, vaults_mumra_lcd,
          vaults_room_octagon, v_pattern_1, v_misc_4,
          nicolae_vaults_little_squares_5, nicolae_vaults_little_ls,
          hangedman_vaults_stretched_pinwheel, vaults_room_fours,
          nicolae_vaults_three_branches, nicolae_vaults_specimen_jars,
          grunt_vaults_focal, layout_vaults_big_cross, serial_shops, shop,
          uniq_mennas
Vaults:5: serial_shops

Notes
Turn   | Place    | Note
-------+----------+-------------------------------------------
     0 | D:1      | Sanktem7 the Minotaur Fighter began the quest for the Orb.
     0 | D:1      | Reached XP level 1. HP: 19/19 MP: 0/0
     0 | D:1      | magus.rc [v1.9.6]
   117 | D:1      | HP: 5/20 [frozen (2)]
   119 | D:1      | Reached XP level 2. HP: 7/27 MP: 1/1
   373 | D:1      | Reached skill level 3 in Axes
   710 | D:1      | Reached skill level 4 in Armour
   778 | D:1      | Reached skill level 4 in Fighting
   778 | D:1      | Reached XP level 3. HP: 33/33 MP: 2/2
   815 | D:1      | Reached skill level 4 in Shields
   867 | D:1      | You pick up a book of Weapons and begin reading...
   867 | D:1      | You add the spells Tukima's Dance, Portal Projectile and
                  | Blade Hands to your library.
  1200 | D:2      | You pick up a book of Flames and begin reading...
  1200 | D:2      | You add the spells Foxfire, Conjure Flame, Inner Flame and
                  | Flame Wave to your library.
  1666 | D:2      | Reached XP level 4. HP: 40/40 MP: 3/3
  1800 | D:3      | You pick up a book of the Moon and begin reading...
  1800 | D:3      | You add the spells Passage of Golubria, Silence and
                  | Lehudib's Crystal Spear to your library.
  1812 | D:3      | Noticed Robin
  1823 | D:3      | Reached skill level 4 in Axes
  1834 | D:3      | Killed Robin
  2012 | D:3      | Found Hetwodame's Assorted Antiques.
  2174 | D:3      | Reached XP level 5. HP: 44/47 MP: 4/4
  2489 | D:3      | Identified 2 scrolls of acquirement
  2489 | D:3      | Acquired the +10 crystal plate armour "Xutorukhlokh" {rPois
                  | rF+ Str+7 Stlth-}
  2490 | D:3      | w - the +10 crystal plate armour "Xutorukhlokh" {rPois rF+
                  | Str+7 Stlth-, rare=g}
  2501 | D:3      | You finish putting on the +10 crystal plate armour
                  | "Xutorukhlokh" {rPois rF+ Str+7 Stlth-, rare=g}.
  2502 | D:3      | Acquired the amulet "Ammant" {Reflect +Blink rPois Will-
                  | Regen+ SH+5}
  2562 | D:4      | Reached skill level 5 in Axes
  2608 | D:4      | Reached skill level 5 in Armour
  2608 | D:4      | Reached XP level 6. HP: 51/55 MP: 5/5
  2616 | D:4      | Reached skill level 5 in Fighting
  2618 | D:4      | Reached skill level 5 in Shields
  3056 | D:4      | Found an ornate altar of the Wu Jian Council.
  3060 | D:4      | Noticed Eustachio
  3086 | D:4      | Killed Eustachio
  3087 | D:4      | Reached skill level 6 in Axes
  3087 | D:4      | Reached XP level 7. HP: 55/61 MP: 6/6
  3089 | D:4      | Acquired 734 gold pieces
  3210 | D:5      | Entered Level 5 of the Dungeon
  3241 | D:5      | Found a stormy altar of Qazlal.
  3388 | D:5      | Reached skill level 7 in Axes
  3388 | D:5      | Reached skill level 6 in Armour
  3532 | D:5      | Found a shimmering altar of Xom.
  3561 | D:5      | Noticed a wyvern
  3580 | D:5      | Killed a wyvern
  3581 | D:5      | Reached skill level 6 in Fighting
  3581 | D:5      | Reached skill level 6 in Shields
  3589 | D:5      | Reached XP level 8. HP: 70/70 MP: 7/7
  3727 | D:5      | Found a radiant altar of Vehumet.
  3727 | D:5      | Found a hide-covered altar of Uskayaw.
  3735 | D:5      | Found Coff's Antique Armour Boutique.
  3746 | D:5      | Bought a cloak for 126 gold pieces
  3746 | D:5      | Bought a pair of glowing boots for 210 gold pieces
  4000 | D:6      | Found a staircase to the Ecumenical Temple.
  4026 | D:6      | Reached skill level 8 in Axes
  4048 | Temple   | Entered the Ecumenical Temple
  4092 | Temple   | Became a worshipper of Warmaster Okawaru
  4366 | D:6      | Reached skill level 7 in Armour
  4370 | D:6      | Reached skill level 7 in Fighting
  4375 | D:6      | Reached skill level 7 in Shields
  4378 | D:6      | Reached skill level 9 in Axes
  4457 | D:6      | Reached XP level 9. HP: 79/79 MP: 8/8
  4704 | D:7      | Reached * piety under Okawaru
  4747 | D:7      | Found a shimmering blue altar of Sif Muna.
  4813 | D:7      | Reached skill level 10 in Axes
  4875 | D:7      | Found a hazy altar of Hepliaklqana.
  5073 | D:8      | Reached skill level 8 in Fighting
  5073 | D:8      | Reached skill level 8 in Armour
  5073 | D:8      | Reached skill level 1 in Invocations
  5075 | D:8      | Reached skill level 8 in Shields
  5080 | D:8      | Reached ** piety under Okawaru
  5085 | D:8      | Reached skill level 2 in Invocations
  5174 | D:8      | Reached skill level 11 in Axes
  5174 | D:8      | Reached XP level 10. HP: 87/90 MP: 10/10
  5184 | D:8      | Reached *** piety under Okawaru
  5242 | D:8      | Found a sacrificial altar of Ru.
  5342 | D:8      | Noticed a two-headed ogre
  5344 | D:8      | Noticed CeilingCat's ghost (novice MfIE)
  5345 | D:8      | Found a transporter.
  5345 | D:8      | Found a transporter.
  5349 | D:8      | Killed a two-headed ogre
  5350 | D:8      | Reached skill level 3 in Invocations
  5361 | D:8      | Reached skill level 9 in Armour
  5362 | D:8      | Reached skill level 9 in Fighting
  5365 | D:8      | Reached skill level 9 in Shields
  5366 | D:8      | Identified the +3 dire flail "Puor" {freeze, Will+ Str+6}
  5366 | D:8      | Noticed a two-headed ogre
  5368 | D:8      | Reached **** piety under Okawaru
  5395 | D:8      | You add the spells Ozocubu's Armour and Ozocubu's
                  | Refrigeration to your library.
  5406 | D:8      | You pick up a book of Minor Magic and begin reading...
  5406 | D:8      | You add the spells Magic Dart and Mephitic Cloud to your
                  | library.
  5494 | D:8      | Found a basalt altar of Yredelemnul.
  5688 | D:8      | Gained mutation: You are frail. (-10% HP) [potion of
                  | mutation]
  5688 | D:8      | Lost mutation: You are frail. (-10% HP) [potion of
                  | mutation]
  5688 | D:8      | Gained mutation: You sometimes lose your temper in combat.
                  | [potion of mutation]
  5764 | D:9      | Reached skill level 12 in Axes
  5859 | D:9      | Reached skill level 4 in Invocations
  6212 | D:9      | Reached ***** piety under Okawaru
  6213 | D:9      | Reached XP level 11. HP: 88/97 MP: 13/13
  6223 | D:9      | Found a staircase to the Orcish Mines.
  6888 | D:10     | Entered Level 10 of the Dungeon
  6980 | D:10     | Reached skill level 13 in Axes
  6981 | D:10     | Received a gift from Okawaru
  7048 | D:10     | Found a staircase to the Lair.
  7174 | D:10     | Reached skill level 10 in Fighting
  7175 | D:10     | Reached skill level 10 in Armour
  7175 | D:10     | Reached skill level 10 in Shields
  7175 | D:10     | Reached skill level 5 in Invocations
  7696 | D:11     | Found a frozen archway.
  7719 | IceCv    | Entered an ice cave
  7852 | IceCv    | Identified the +4 shortbow of Prudence {flame, rPois Will+
                  | Int+4}
  7914 | IceCv    | You pick up a book of Transfigurations {@e2} and begin
                  | reading...
  7914 | IceCv    | You add the spells Irradiate and Dragon Form to your
                  | library.
  8127 | D:11     | You pick up a book of Dreams and begin reading...
  8127 | D:11     | You add the spells Ensorcelled Hibernation, Spider Form and
                  | Anguish to your library.
  8323 | D:12     | Reached skill level 14 in Axes
  8405 | D:12     | Reached ****** piety under Okawaru
  8406 | D:12     | Reached XP level 12. HP: 105/108 MP: 14/14
  8466 | D:12     | Reached skill level 11 in Fighting
  8499 | D:12     | Noticed Nergalle
  8500 | D:12     | Noticed a seven-headed hydra
  8514 | D:12     | Killed a seven-headed hydra
  8515 | D:12     | Reached skill level 11 in Armour
  8515 | D:12     | Reached skill level 11 in Shields
  8523 | D:12     | Killed Nergalle
  8586 | D:12     | Received a gift from Okawaru
  9084 | D:13     | Noticed a five-headed hydra
  9091 | D:13     | Killed a six-headed hydra
  9092 | D:13     | Reached skill level 15 in Axes
  9092 | D:13     | Reached skill level 1 in Throwing
  9130 | D:13     | Identified the +6 scale mail of the Kettle-Drum {Drain
                  | Str+2 Dex+4}
  9221 | D:13     | Reached skill level 2 in Throwing
  9363 | D:13     | Identified the +9 scale mail of Pytt {Will+ Regen+}
  9370 | D:13     | Paralysed by an air elemental for 1 turns
  9376 | D:13     | Paralysed by an air elemental for 1 turns
  9611 | D:13     | Noticed a vault guard
  9612 | D:13     | Noticed a vault guard
  9620 | D:13     | Identified the +1 hat of Wynariosm {rElec rC+ Will+}
                  | (Okawaru gifted it to you on level 13 of the Dungeon)
  9620 | D:13     | Received a gift from Okawaru
  9622 | D:13     | Killed a vault guard
  9624 | D:13     | Killed a vault guard
  9625 | D:13     | Reached skill level 3 in Throwing
  9626 | D:13     | Found a gate to the Vaults.
  9642 | D:13     | Identified the +0 plate armour "Josodarph" {Regen+ rCorr
                  | Int+4}
  9868 | D:14     | Reached skill level 12 in Fighting
  9869 | D:14     | Reached skill level 16 in Axes
  9870 | D:14     | Reached skill level 12 in Armour
  9875 | D:14     | Noticed a rakshasa
  9883 | D:14     | Killed a rakshasa
  9884 | D:14     | Reached skill level 12 in Shields
  9884 | D:14     | Reached XP level 13. HP: 118/118 MP: 15/15
  9949 | D:14     | Found Couh's Mass Market.
 10115 | D:14     | Noticed Azrael
 10136 | D:14     | Reached skill level 4 in Throwing
 10142 | D:14     | Killed Azrael
 10486 | D:15     | Entered Level 15 of the Dungeon
 10523 | D:15     | Identified the +8 flail of Tyusmosa {holy, Int+4}
 10557 | D:15     | Received a gift from Okawaru
 10611 | D:15     | Received a gift from Okawaru
 10709 | D:15     | Reached skill level 17 in Axes
 10711 | D:15     | Received a gift from Okawaru
 10715 | D:15     | Reached skill level 5 in Throwing
 10717 | D:15     | Identified the +0 pair of boots "Vixkirph" {rF+++ rC-
                  | Regen+ Int+10} (Okawaru gifted it to you on level 15 of the
                  | Dungeon)
 10717 | D:15     | Received a gift from Okawaru
 10730 | D:15     | Reached skill level 13 in Fighting
 10745 | D:15     | Reached skill level 13 in Armour
 11163 | D:15     | Found a staircase to the Depths.
 11163 | D:15     | Noticed a stone giant
 11173 | D:15     | Killed a stone giant
 11174 | D:15     | Reached skill level 13 in Shields
 11418 | Lair:1   | Entered Level 1 of the Lair of Beasts
 11451 | Lair:1   | Reached XP level 14. HP: 129/129 MP: 16/16
 11715 | Lair:1   | Reached skill level 6 in Throwing
 11845 | Lair:1   | Identified the +5 scale mail of the Grue {rC++ Regen+}
 12388 | Lair:2   | Received a gift from Okawaru
 12416 | Lair:2   | Reached skill level 18 in Axes
 13127 | Lair:3   | Found a staircase to the Snake Pit.
 13220 | Lair:3   | Noticed Fannar
 13232 | Lair:3   | Killed Fannar
 13232 | Lair:3   | Received a gift from Okawaru
 13313 | Lair:3   | Found a staircase to the Shoals.
 13487 | Lair:3   | Received a gift from Okawaru
 13488 | Lair:3   | Reached skill level 7 in Throwing
 13668 | Lair:4   | Reached skill level 14 in Fighting
 13734 | Lair:4   | Reached skill level 14 in Armour
 13735 | Lair:4   | Noticed Josephine
 13736 | Lair:4   | Identified the +5 scale mail "Baegediu" {Rampage Will-
                  | Regen+ Dex+7} (Okawaru gifted it to you on level 4 of the
                  | Lair of Beasts)
 13736 | Lair:4   | Received a gift from Okawaru
 13743 | Lair:4   | Reached skill level 14 in Shields
 13744 | Lair:4   | Killed Josephine
 13827 | Lair:4   | Found a staircase to the Slime Pits.
 14366 | Lair:5   | Entered Level 5 of the Lair of Beasts
 14441 | Lair:5   | Reached skill level 8 in Throwing
 14448 | Lair:5   | Reached XP level 15. HP: 139/139 MP: 17/17
 14962 | Lair:5   | Found a runed translucent door.
 15130 | Lair:5   | Identified the +1 dagger "Zuc Lips" {drain, *Corrode rPois
                  | rC+ Stlth+} (Okawaru gifted it to you on level 5 of the
                  | Lair of Beasts)
 15130 | Lair:5   | Received a gift from Okawaru
 15436 | Lair:5   | Reached skill level 15 in Fighting
 15836 | Orc:1    | Entered Level 1 of the Orcish Mines
 15919 | Orc:1    | Reached skill level 15 in Armour
 15921 | Orc:1    | Reached skill level 15 in Shields
 15927 | Orc:1    | You fall into a shaft and drop 1 floor!
 15927 | Orc:2    | Entered Level 2 of the Orcish Mines
 15997 | Orc:2    | HP: 32/138 [orc high priest/divine providence (12)]
 15999 | Orc:2    | Reached skill level 9 in Throwing
 16262 | Orc:2    | Found Salybag's Assorted Antiques.
 16262 | Orc:2    | Found Ineiff's General Store.
 16263 | Orc:2    | Found Nuetoff's Weapon Emporium.
 16267 | Orc:2    | Found Saul's Antique Weapon Emporium.
 16274 | Orc:2    | Bought a scroll of teleportation for 102 gold pieces
 16274 | Orc:2    | Bought a scroll of teleportation for 102 gold pieces
 16340 | Orc:2    | Found a staircase to the Elven Halls.
 16373 | Orc:2    | Received a gift from Okawaru
 16412 | Orc:2    | Found Daosasujue's Weapon Boutique.
 16707 | Orc:2    | Bought a glowing war axe for 182 gold pieces
 16712 | Orc:2    | Bought a scroll of enchant weapon for 90 gold pieces
 16712 | Orc:2    | Bought a scroll of teleportation for 36 gold pieces
 16744 | Orc:1    | Noticed Gastronok
 16766 | Orc:1    | Killed Gastronok
 17208 | Snake:1  | Entered Level 1 of the Snake Pit
 17432 | Snake:1  | Received a gift from Okawaru
 17784 | Snake:2  | Reached skill level 6 in Invocations
 17877 | Snake:2  | Reached XP level 16. HP: 151/151 MP: 19/19
 17918 | Snake:2  | Reached skill level 10 in Throwing
 17935 | Snake:2  | Found a glowing golden altar of the Shining One.
 18087 | Snake:2  | Reached skill level 16 in Fighting
 18090 | Snake:2  | Reached skill level 16 in Armour
 18202 | Snake:2  | Reached skill level 16 in Shields
 18202 | Snake:2  | Identified the +1 pair of boots "Tonakki" {rElec rC- Int+8}
                  | (Okawaru gifted it to you on level 2 of the Snake Pit)
 18202 | Snake:2  | Received a gift from Okawaru
 18270 | Snake:2  | You fall into a shaft and drop 1 floor!
 18270 | Snake:3  | Found Wylolu's Armour Shop.
 18283 | Snake:3  | Found Nisad's Distillery.
 18291 | Snake:3  | Bought 2 potions of heal wounds for 150 gold pieces
 18291 | Snake:3  | Bought a potion of curing for 45 gold pieces
 18291 | Snake:3  | Bought a potion of curing for 45 gold pieces
 18381 | Snake:3  | Found Wulluc's Overcharged Wands.
 18499 | Snake:3  | You pick up a book of the Earth and begin reading...
 18499 | Snake:3  | You add the spells Leda's Liquefaction, Lee's Rapid
                  | Deconstruction and Statue Form to your library.
 18545 | Snake:3  | You pick up a book of Party Tricks and begin reading...
 18545 | Snake:3  | You add the spells Apportation and Alistair's Intoxication
                  | to your library.
 18793 | Snake:3  | Found Lanewo Hyarph's Weapon Emporium.
 19094 | Snake:3  | Reached skill level 7 in Invocations
 19630 | Snake:4  | Entered Level 4 of the Snake Pit
 19858 | Snake:4  | Noticed Aizul
 19869 | Snake:4  | Killed Aizul
 20251 | Snake:4  | Identified the +3 ice dragon scales of Lugonu's Displeasure
                  | {rElec rF- rC++ rCorr Str+5 Int-3}
 20443 | Snake:4  | Reached skill level 8 in Invocations
 20446 | Snake:4  | Identified the +0 hat of Otugg {rF+} (Okawaru gifted it to
                  | you on level 4 of the Snake Pit)
 20446 | Snake:4  | Received a gift from Okawaru
 20512 | Snake:4  | Noticed Vashnia
 20526 | Snake:4  | Reached skill level 17 in Fighting
 20536 | Snake:4  | Reached skill level 17 in Armour
 20554 | Snake:4  | Killed Vashnia
 20555 | Snake:4  | Reached skill level 17 in Shields
 20618 | Snake:4  | Got a serpentine rune of Zot
 20749 | Snake:4  | Noticed Saint Roka
 20782 | Snake:4  | Killed Saint Roka
 21099 | Shoals:1 | Entered Level 1 of the Shoals
 21142 | Shoals:1 | Reached XP level 17. HP: 156/161 MP: 22/22
 21343 | Shoals:1 | Reached skill level 9 in Invocations
 21360 | Shoals:1 | Identified the +2 robe "Seyzofer" {Str+4 Int-3} (Okawaru
                  | gifted it to you on level 1 of the Shoals)
 21360 | Shoals:1 | Received a gift from Okawaru
 21369 | Shoals:1 | You finish taking off the +10 crystal plate armour
                  | "Xutorukhlokh" {rPois rF+ Str+7 Stlth-, rare=g}.
 21384 | Shoals:1 | You finish putting on the +10 crystal plate armour
                  | "Xutorukhlokh" {rPois rF+ Str+7 Stlth-, rare=g}.
 21468 | Shoals:1 | You pick up a book of Misfortune and begin reading...
 21468 | Shoals:1 | You add the spells Confusing Touch, Yara's Violent
                  | Unravelling and Enfeeble to your library.
 21742 | Shoals:1 | Found a runed translucent door.
 21746 | Shoals:1 | Found a corrupted altar of Lugonu.
 21746 | Shoals:1 | Found a one-way gate to the infinite horrors of the Abyss.
 21941 | Shoals:2 | Lost mutation: You sometimes lose your temper in combat.
                  | [potion of mutation]
 21941 | Shoals:2 | Gained mutation: You are weak. (Str -2) [potion of
                  | mutation]
 22377 | Shoals:2 | Found a shimmering altar of Xom.
 22487 | Shoals:4 | Entered Level 4 of the Shoals
 22533 | Shoals:4 | Identified the ring "Byenkus" {rPois rC- Str+4 SInv}
 22611 | Shoals:4 | You pick up a book of Geomancy and begin reading...
 22611 | Shoals:4 | You add the spells Sandblast, Passwall and Stone Arrow to
                  | your library.
 22667 | Shoals:4 | Got a barnacled rune of Zot
 22903 | Vaults:1 | Entered Level 1 of the Vaults
 22926 | Vaults:1 | Got the Compendium of Conflagration and Transfiguration
                  | {@e2}
 22940 | Vaults:1 | Found Ennigoq's Weapon Emporium.
 22955 | Vaults:1 | Noticed a titan
 22961 | Vaults:1 | Reached skill level 18 in Fighting
 22961 | Vaults:1 | Received a gift from Okawaru
 22965 | Vaults:1 | Reached skill level 18 in Armour
 22965 | Vaults:1 | Reached skill level 18 in Shields
 22968 | Vaults:1 | Reached skill level 10 in Invocations
 22972 | Vaults:1 | Killed a titan
 23241 | Vaults:1 | Identified the +1 ring mail of Fiel {Fly} (Okawaru gifted
                  | it to you on level 1 of the Vaults)
 23241 | Vaults:1 | Received a gift from Okawaru
 23555 | Vaults:1 | Reached XP level 18. HP: 173/173 MP: 24/24
 23611 | Vaults:1 | Reached skill level 11 in Invocations
 23682 | Vaults:1 | Found a portal to a secret trove of treasure.
 24010 | Vaults:1 | This trove needs a +4 demon trident to function. Give it
                  | the item?
 24102 | Vaults:2 | Received a gift from Okawaru
 24102 | Vaults:2 | Found the +15 Maxwell's patent armour {-Cast -Tele rElec
                  | Will+ rCorr}
 24116 | Vaults:2 | Reached skill level 19 in Fighting
 24125 | Vaults:2 | Reached skill level 19 in Armour
 24129 | Vaults:2 | Reached skill level 19 in Shields
 24530 | Vaults:2 | Identified the +4 sling "Fuciw" {freeze, rElec rF+ rCorr
                  | Int+2}
 24964 | Vaults:2 | Received a gift from Okawaru
 24965 | Vaults:2 | Reached skill level 12 in Invocations
 25049 | Vaults:1 | This trove needs a +4 demon trident to function. Give it
                  | the item?
 25049 | Vaults:1 | This trove needs a +4 demon trident to function. Give it
                  | the item?
 25049 | Vaults:1 | You paid a toll of a +4 demon trident to enter a treasure
                  | trove
 25050 | Trove    | Entered a treasure trove
 25083 | Trove    | You pick up a book of Decay and begin reading...
 25083 | Trove    | You add the spells Corpse Rot and Dispel Undead to your
                  | library.
 25110 | Trove    | Identified the ring of Vihuq {Fire Contam rN++ Will+}
 25491 | Vaults:3 | Found a staircase to the Crypt.
 25491 | Vaults:3 | Found a basalt altar of Yredelemnul.
 25492 | Vaults:3 | Found an ancient bone altar of Kikubaaqudgha.
 25763 | Vaults:3 | Reached XP level 19. HP: 124/184 MP: 27/27
 25976 | Vaults:3 | Found Pifac's Antique Weapon Boutique.
 25993 | Vaults:3 | You pick up a book of the Moon and begin reading...
 26057 | Vaults:3 | Identified the +7 war axe "Adwet" {holy, rF+ rCorr Str-5
                  | Stlth+} (Okawaru gifted it to you on level 3 of the Vaults)
 26057 | Vaults:3 | Received a gift from Okawaru
 26133 | Vaults:3 | Reached skill level 20 in Fighting
 26322 | Vaults:3 | Reached skill level 20 in Armour
 26368 | Vaults:3 | Reached skill level 20 in Shields
 26647 | Vaults:4 | Received a gift from Okawaru
 26689 | Vaults:4 | You pick up a book of the Wilderness and begin reading...
 26765 | Vaults:4 | You pick up a book of the Dragon and begin reading...
 27005 | Vaults:4 | Reached skill level 1 in Dodging
 27048 | Vaults:4 | Reached skill level 2 in Dodging
 27078 | Vaults:4 | Received a gift from Okawaru
 27171 | Vaults:4 | Received a gift from Okawaru
 27172 | Vaults:4 | Reached skill level 3 in Dodging
 27206 | Vaults:4 | Noticed Mennas
 27227 | Vaults:4 | HP: 33/187 [something (14)]
 27263 | Vaults:4 | Killed Mennas
 27380 | Vaults:4 | Found Urchicuom's Assorted Antiques.
 27382 | Vaults:4 | You pick up a book of the Sky and begin reading...
 27382 | Vaults:4 | You add the spells Storm Form and Maxwell's Capacitive
                  | Coupling to your library.
 27673 | Vaults:4 | Reached skill level 4 in Dodging
 28076 | Vaults:5 | Entered Level 5 of the Vaults
 28082 | Vaults:5 | Noticed a golden dragon
 28084 | Vaults:5 | Reached skill level 5 in Dodging
 28085 | Vaults:5 | Reached skill level 21 in Fighting
 28092 | Vaults:5 | Reached skill level 21 in Armour
 28092 | Vaults:5 | Killed a golden dragon
 28092 | Vaults:5 | Identified +0 gold dragon scales
 28093 | Vaults:5 | Reached skill level 21 in Shields
 28093 | Vaults:5 | Reached XP level 20. HP: 134/198 MP: 28/28
 28099 | Vaults:5 | Received a gift from Okawaru
 28102 | Vaults:5 | Reached skill level 6 in Dodging
 28104 | Vaults:5 | HP: 33/198 [yaktaur captain/bolt (23)]
 28107 | Vaults:5 | Received a gift from Okawaru
 28109 | Vaults:5 | HP: 33/198 [yaktaur/bolt[a vault warden] (7)]
 28119 | Vaults:5 | HP: 38/198 [tengu reaver/bolt of lightning (7)]
 28130 | Vaults:5 | Identified the +5 broad axe of Nurturing Misery {speed,
                  | Int+7} (Okawaru gifted it to you on level 5 of the Vaults)
 28130 | Vaults:5 | Received a gift from Okawaru
 28130 | Vaults:5 | HP: 46/198 [quicksilver dragon/bolt of dispelling energy
                  | (3)]
 28135 | Vaults:5 | HP: 2/198 [tengu reaver/bolt of cold (49)]
 28149 | Vaults:5 | HP: 44/198 [iron dragon (14)]
 28222 | Vaults:5 | Noticed a dread lich
 28244 | Vaults:5 | Killed a dread lich
 28292 | Vaults:5 | Noticed a dread lich
 28293 | Vaults:5 | Paralysed by a dread lich for 3 turns
 28294 | Vaults:5 | Reached skill level 7 in Dodging
 28303 | Vaults:5 | Killed a dread lich
 28317 | Vaults:5 | You pick up a book of the Moon and begin reading...
 28368 | Vaults:5 | Noticed a dread lich
 28372 | Vaults:5 | Received a gift from Okawaru
 28382 | Vaults:5 | Paralysed by a dread lich for 4 turns
 28385 | Vaults:5 | Gained mutation: Armour fits poorly on your strangely
                  | shaped body. [a cacodemon]
 28387 | Vaults:5 | Killed a dread lich
 28407 | Vaults:5 | Noticed a golden dragon
 28410 | Vaults:5 | HP: 47/199 [tengu reaver/bolt of lightning (6)]
 28419 | Vaults:5 | HP: 48/199 [deep troll[an ironbound preserver] (8)]
 28424 | Vaults:5 | HP: 33/199 [tengu reaver/bolt of poison (8)]
 28427 | Vaults:5 | a yaktaur captain comes into view. It is wielding the +10
                  | dark maul {vorpal}.
 28429 | Vaults:5 | HP: 23/199 [tengu reaver/bolt of lightning (10)]
 28432 | Vaults:5 | HP: 7/199 [tengu reaver/bolt of acid (20)]
 28433 | Vaults:5 | HP: 3/199 [tengu reaver/bolt of acid (11)]
 28434 | Vaults:5 | Slain by an ironbound preserver

Vanquished Creatures
  3 dread liches (Vaults:5)
  Mennas (Vaults:4)
  Vashnia (Snake:4)
  Saint Roka (Snake:4)
  A golden dragon (Vaults:5)
  A tentacled monstrosity (Vaults:5)
  A lich (Vaults:4)
  A quicksilver dragon (Vaults:5)
  2 titans
  A quicksilver dragon (shapeshifter) (Vaults:5)
  A sphinx (Vaults:3)
  Gastronok (Orc:1)
  A shadow dragon (Vaults:5)
  2 tengu reavers (Vaults:5)
  3 nagarajas (Snake:4)
  2 storm dragons (Vaults:5)
  An iron dragon (Vaults:5)
  9 vault wardens
  A frost giant (Shoals:4)
  Aizul (Snake:4)
  2 orc warlords
  3 war gargoyles
  19 ironbound preservers
  6 very ugly things
  4 stone giants
  A deep elf demonologist (Vaults:5)
  10 ironbound thunderhulks
  19 slime creatures
  2 entropy weavers
  Azrael (D:14)
  A deep elf annihilator (Vaults:5)
  8 dire elephants
  4 merfolk javelineers
  2 fire dragons (Lair:5)
  2 crystal guardians (Vaults:3)
  2 ettins
  6 merfolk impalers
  8 great orbs of eyes
  Josephine (Lair:4)
  10 hydras
  9 yaktaur captains
  Fannar (Lair:3)
  A deep elf high priest (Vaults:5)
  3 boulder beetles
  5 ironbound frosthearts
  35 vault guards
  2 peacekeepers
  An ogre mage (D:15)
  4 salamander tyrants
  A merfolk aquamancer (Shoals:1)
  11 anacondas
  11 naga warriors
  A rakshasa (D:14)
  2 merfolk avatars
  A satyr (Shoals:2)
  24 centaur warriors
  5 two-headed ogres
  4 tengu warriors (D:15)
  14 naga sharpshooters
  4 orc high priests (Orc:2)
  6 shock serpents
  Nergalle (D:12)
  7 sea snakes
  4 salamander mystics
  42 deep trolls
  8 ironbound convokers
  A swamp dragon (Lair:5)
  7 lindwurms
  2 naga ritualists (Snake:4)
  2 phantasmal warriors (Vaults:5)
  6 wizards
  10 orc knights
  5 harpies (Vaults:1)
  5 necromancers
  5 mana vipers
  32 ugly things
  2 deep elf pyromancers
  A tengu skeleton (Vaults:3)
  4 orc sorcerers
  2 stone giant zombies
  2 wolf spiders
  9 salamanders
  A salamander (shapeshifter) (D:15)
  8 cyclopes
  5 fauns (Shoals:2)
  9 manticores
  20 black mambas
  A cyclops (shapeshifter) (Vaults:3)
  5 merfolk sirens
  A frost giant skeleton (Vaults:3)
  15 elephants
  A sphinx skeleton (Vaults:2)
  An ice statue (IceCv)
  4 guardian serpents
  18 vault sentinels
  15 naga magi
  2 apocalypse crabs (Shoals:1)
  4 water nymphs
  5 komodo dragons
  15 cane toads
  A yaktaur zombie (Vaults:1)
  5 torpor snails (Lair:5)
  A kobold demonologist (D:12)
  8 rime drakes
  2 unseen horrors (D:12)
  2 efreet
  35 yaktaurs
  18 merfolk
  8 trolls
  6 human skeletons
  3 wind drakes
  3 polar bears
  10 hornets
  14 blink frogs
  4 snapping turtles
  3 tyrant leeches (Lair:5)
  11 dream sheep
  A fire giant simulacrum (Vaults:2)
  An air elemental (D:13)
  5 wraiths
  2 shadows (D:10)
  A spriggan (shapeshifter) (D:14)
  7 wyverns
  5 water elementals
  A vampire (D:11)
  64 yaks
  3 basilisks (Lair:4)
  9 humans (D:13)
  An ettin skeleton (Vaults:4)
  Eustachio (D:4)
  A yaktaur simulacrum (Vaults:2)
  4 vampire mosquitoes (D:12)
  2 redbacks
  2 steam dragons
  2 death yak simulacra (IceCv)
  5 wargs
  2 human zombies
  5 acid dragons
  35 nagas
  9 water moccasins
  4 hell hounds (D:14)
  32 orc warriors
  3 swamp drakes
  6 sky beasts
  4 ogres
  3 boggarts (Vaults:1)
  12 wolves
  16 centaurs
  5 kobold brigands
  11 bullfrogs
  3 scorpions
  A necrophage (D:5)
  2 glowing shapeshifter simulacra
  2 two-headed ogre simulacra (IceCv)
  7 wights
  An elephant simulacrum (IceCv)
  8 killer bees
  2 electric eels
  3 howler monkeys
  4 hounds
  32 orc priests
  3 gnoll boudas
  A jelly (D:6)
  3 iguanas
  32 orc wizards
  4 spriggan simulacra (IceCv)
  A troll simulacrum (IceCv)
  Robin (D:3)
  12 gnolls
  2 naga simulacra (IceCv)
  12 adders
  A shadow imp (D:7)
  14 white imps
  5 ufetubi
  A worm (D:2)
  2 dart slugs
  92 orcs
  5 bats
  8 endoplasms
  4 giant cockroaches
  13 goblins
  11 hobgoblins
  10 jackals
  A quokka (D:3)
  6 ball pythons
  6 frilled lizards
  27 kobolds
  5 rats
  A spectral hobgoblin (D:7)
  A spectral orc (D:8)
  A butterfly (Lair:1)
1326 creatures vanquished.

Vanquished Creatures (others)
  A manticore (D:15)
  A human (D:13)
  An orc wizard (Orc:2)
  2 orcs
  37 fungi
  83 plants
  4 toadstools (D:9)
129 creatures vanquished.

Grand Total: 1455 creatures vanquished

Table legend:
 A = Non-vault XP
 B = Vault XP
 C = Vault XP percentage of total XP
 D = Non-vault monster count
 E = Vault monster count
 F = Vault count percentage of total count
                 A         B        C        D         E       F
            +---------+---------+-------+---------+---------+-------
      Total |  333806 |  204565 |  38.0 |     920 |     406 |  30.6
            +---------+---------+-------+---------+---------+-------
        D:1 |      64 |       1 |   1.5 |      22 |       1 |   4.3
        D:2 |      35 |       0 |   0.0 |      18 |       0 |   0.0
        D:3 |     114 |      33 |  22.4 |      25 |      11 |  30.6
        D:4 |     334 |     191 |  36.4 |      16 |       1 |   5.9
        D:5 |     506 |     307 |  37.8 |      17 |       2 |  10.5
        D:6 |    1231 |       0 |   0.0 |      26 |       0 |   0.0
        D:7 |     967 |       3 |   0.3 |      16 |       2 |  11.1
        D:8 |    4556 |      18 |   0.4 |      33 |       5 |  13.2
        D:9 |    3641 |     582 |  13.8 |      37 |      17 |  31.5
       D:10 |    3085 |       0 |   0.0 |      26 |       0 |   0.0
       D:11 |    1823 |     126 |   6.5 |      14 |      12 |  46.2
       D:12 |    5664 |     769 |  12.0 |      28 |       1 |   3.4
       D:13 |    5370 |    4380 |  44.9 |      10 |      17 |  63.0
       D:14 |    9075 |    1565 |  14.7 |      18 |       5 |  21.7
       D:15 |   15735 |    2703 |  14.7 |      32 |       3 |   8.6
     Lair:1 |    6215 |       0 |   0.0 |      20 |       0 |   0.0
     Lair:2 |    6120 |       0 |   0.0 |      23 |       0 |   0.0
     Lair:3 |    7345 |    1975 |  21.2 |      26 |       4 |  13.3
     Lair:4 |   10443 |    3380 |  24.5 |      29 |      15 |  34.1
     Lair:5 |    8533 |   10534 |  55.2 |      30 |      29 |  49.2
   Shoals:1 |   15291 |     877 |   5.4 |      31 |       2 |   6.1
   Shoals:2 |   11228 |     448 |   3.8 |      23 |       4 |  14.8
   Shoals:3 |     905 |       0 |   0.0 |       1 |       0 |   0.0
   Shoals:4 |    4885 |    9413 |  65.8 |      12 |      15 |  55.6
    Snake:1 |   17238 |       0 |   0.0 |      31 |       0 |   0.0
    Snake:2 |   14202 |    2176 |  13.3 |      30 |       5 |  14.3
    Snake:3 |    6497 |       0 |   0.0 |      14 |       0 |   0.0
    Snake:4 |    9410 |   31339 |  76.9 |      17 |      54 |  76.1
      Orc:1 |    2413 |    1518 |  38.6 |      23 |       1 |   4.2
      Orc:2 |    4556 |    5719 |  55.7 |      41 |      47 |  53.4
   Vaults:1 |   24829 |   29702 |  54.5 |      40 |      39 |  49.4
   Vaults:2 |   48546 |    3537 |   6.8 |      77 |       9 |  10.5
   Vaults:3 |   23763 |    9745 |  29.1 |      29 |      15 |  34.1
   Vaults:4 |   45004 |   21192 |  32.0 |      61 |      25 |  29.1
   Vaults:5 |   14183 |   61059 |  81.2 |      24 |      47 |  66.2
      IceCv |       0 |    1273 | 100.0 |       0 |      18 | 100.0
            +---------+---------+-------+---------+---------+-------

Illustrated notes

Table legend:
 A = Kills in this place as a percentage of kills in entire the game.
 B = Kills by you in this place as a percentage of kills by you in the entire game.
 C = Kills by friends in this place as a percentage of kills by friends in the entire game.
 D = Other kills in this place as a percentage of other kills in the entire game.
 E = Experience gained in this place as a percentage of experience gained in the entire game.
 F = Experience gained in this place divided by the number of levels of this place that you have seen.
                   A       B       C       D       E      F
               +-------+-------+-------+-------+-------+----------------------
         Total | 100.0 | 100.0 |   N/A | 100.0 | 100.0 | 14167.7
       Dungeon |  31.3 |  31.2 |   N/A | 100.0 |  11.7 | 4191.9
          Lair |  13.3 |  13.3 |   N/A |   0.0 |  10.1 | 10909.0
        Shoals |   6.6 |   6.6 |   N/A |   0.0 |   8.0 | 10761.8
     Snake Pit |  11.4 |  11.4 |   N/A |   0.0 |  15.0 | 20215.5
  Orcish Mines |   8.4 |   8.5 |   N/A |   0.0 |   2.6 | 7103.0
        Vaults |  27.6 |  27.6 |   N/A |   0.0 |  52.3 | 56312.0
      Ice Cave |   1.4 |   1.4 |   N/A |   0.0 |   0.2 | 1273.0
               +-------+-------+-------+-------+-------+----------------------

Table legend: (Time is in decaauts)
 A = Elapsed time spent in this place.
 B = Non-inter-level travel time spent in this place.
 C = Inter-level travel time spent in this place.
 D = Time resting spent in this place.
 E = Time spent auto-exploring this place.
 F = Levels seen in this place.
 G = Mean time per level.
                   A        B        C        D        E       F      G
               +--------+--------+--------+--------+--------+-----+--------+
         Total |  28445 |  26687 |   1758 |    701 |  19937 |  38 |  748.6 |
       Dungeon |  11324 |  10594 |    730 |    106 |   8276 |  15 |  754.9 |
        Temple |     57 |     57 |      0 |      0 |     30 |   1 |   57.0 |
          Lair |   4609 |   4224 |    385 |      0 |   3472 |   5 |  921.8 |
        Shoals |   1763 |   1690 |     73 |     92 |    971 |   4 |  440.8 |
     Snake Pit |   3880 |   3626 |    254 |    152 |   2772 |   4 |  970.0 |
  Orcish Mines |   1240 |   1124 |    116 |    162 |    685 |   2 |  620.0 |
        Vaults |   5192 |   4993 |    199 |    189 |   3514 |   5 | 1038.4 |
         Trove |    105 |    105 |      0 |      0 |     75 |   1 |  105.0 |
      Ice Cave |    271 |    271 |      0 |      0 |    139 |   1 |  271.0 |
               +--------+--------+--------+--------+--------+-----+--------+

Top non-repeatable levels by time:
  Lair:5: 1399 daAuts
Vaults:4: 1380 daAuts
 Snake:4: 1379 daAuts
Vaults:2: 1273 daAuts
     D:9: 1200 daAuts
Vaults:3: 1143 daAuts
 Snake:3: 1119 daAuts
     D:1: 1081 daAuts
Vaults:1: 1081 daAuts
    D:13: 974 daAuts
  Lair:1: 947 daAuts
     D:3: 847 daAuts
    D:15: 843 daAuts
  Lair:2: 838 daAuts
Shoals:1: 823 daAuts
